 Dungeon Crawl Stone Soup version 0.30-a0-168-g0b976cbdc4 (webtiles) character file.

Game seed: 8643131062828552153

1529 LnG the Covert (level 9, 0/48 HPs)
             Began as a Kobold Summoner on Sept 29, 2022.
             Was an Initiate of Yredelemnul.
             Succumbed to a killer bee's poison
             ... on level 7 of the Dungeon.
             The game lasted 00:29:23 (9879 turns).

LnG the Covert (Kobold Summoner)                    Turns: 9879, Time: 00:29:24

Health: 0/48       AC:  4    Str:  4    XL:     9   Next: 10%
Magic:  14/17      EV: 17    Int: 23    God:    Yredelemnul [......]
Gold:   370        SH:  0    Dex: 19    Spells: 6/19 levels left

rFire   . . .      SeeInvis .    d - +0 dagger (speed)
rCold   + . .      Faith    .    (no shield)
rNeg    . . .      Spirit   .    a - +0 robe
rPois   .          Reflect  .    h - +0 hat {Int+3}
rElec   .          Harm     .    p - +1 cloak "Piuh" {rC+ Will+}
rCorr   .          Rampage  .    (no gloves)
Will    ++...                    (no boots)
Stlth   +++++.....               (no amulet)
HPRegen 0.16/turn                t - ring of wizardry
MPRegen 0.15/turn                (no ring)

@: lethally poisoned (0 -> -1)
A: small, no large weapons, nightstalker 3, agile 1, strong-willed 1
a: Renounce Religion, Recall Undead Harvest


You were on level 7 of the Dungeon.
You worshipped Yredelemnul.
Yredelemnul was noncommittal.
You visited 2 branches of the dungeon, and saw 8 of its levels.

You collected 370 gold pieces.

Inventory:

Hand Weapons
 d - a +0 dagger of speed (weapon)
 e - a +1 dagger
Armour
 a - a +0 robe (worn)
 h - a +0 hat of intelligence (worn)
 p - the +1 cloak "Piuh" (worn) {rC+ Will+}
   (You found it on level 5 of the Dungeon)

   rC:        It protects you from cold.
   Will:      It increases your willpower.
Jewellery
 t - a ring of wizardry (left hand)
Wands
 k - a wand of roots (3)
 s - a wand of polymorph (7)
Scrolls
 j - 3 scrolls of fog
 o - a scroll of poison
Potions
 b - 2 potions of magic
 c - 6 potions of brilliance
 f - 2 potions of might
 g - a potion of cancellation
 l - a potion of flight
 m - a potion of mutation
 n - a potion of haste


   Skills:
 + Level 1.6 Fighting
 + Level 3.4 Short Blades
 + Level 4.5 Dodging
 + Level 8.6 Stealth
 + Level 0.8 Unarmed Combat
 + Level 5.8 Spellcasting
 + Level 6.7 Summonings
 + Level 0.1 Air Magic


You had 6 spell levels left.
You knew the following spells:

 Your Spells              Type           Power      Damage    Failure   Level
a - Summon Small Mammal   Summ           100%       N/A       1%          1
b - Call Imp              Summ           37%        N/A       1%          2
c - Call Canine Familiar  Summ           37%        N/A       1%          3
d - Summon Guardian Gole  Hex/Summ       22%        N/A       2%          3
e - Summon Lightning Spi  Summ/Air       22%        N/A       9%          4

Your spell library contained the following spells:

 Spells                   Type           Power      Damage    Failure   Level
 Beastly Appendage        Tmut           12%        N/A       3%          1
 Wereblood                Tmut           6%         N/A       5%          2
 Gell's Gravitas          Tloc           6%         N/A       11%         3
 Lesser Beckoning         Tloc           6%         N/A       11%         3
 Spider Form              Tmut/Pois      6%         N/A       11%         3
 Teleport Other           Tloc           6%         N/A       11%         3


Dungeon Overview and Level Annotations

Branches:
Dungeon (7/15)             Temple (1/1) D:5

Altars:
Ashenzari
Cheibriados
Dithmenos
Elyvilon
Fedhas
Gozag
Hepliaklqana
Kikubaaqudgha
Makhleb
Nemelex Xobeh
Okawaru
Ru
Sif Muna
Trog
Uskayaw
Vehumet
Wu Jian
Xom
Yredelemnul
Zin
The Shining One

Shops:
D:2 *


Innate Abilities, Weirdness & Mutations

You are small and have problems with some larger weapons.
You are completely attuned to the shadows.
You are agile. (Dex +4, Str/Int -1)
You are strong-willed. (Will+)


Message History

The killer bee poisons you!
The killer bee stings you but does no damage.
As you read the scroll of teleportation, it crumbles to dust.
You feel strangely unstable.
You feel sick.
The killer bee stings you but does no damage.
The killer bee stings you.
* * * LOW HITPOINT WARNING * * *
You are lethally poisoned!
The killer bee poisons you!
It was a potion of invisibility.
You fade into invisibility!
* * * LOW HITPOINT WARNING * * *
You feel very sick. The killer bee closely misses you. x2
* * * LOW HITPOINT WARNING * * *
You feel sick. The killer bee barely misses you.
It was a potion of attraction.
You feel attractive to monsters.
Your surroundings suddenly seem different.
* * * LOW HITPOINT WARNING * * *
You feel sick.
Okay, then.
Casting: Call Canine Familiar (safe; 1% risk of failure)
Confirm with . or Enter, or press ? or * to list all spells.
A guardian golem appears, shielding your allies.
* * * LOW HITPOINT WARNING * * *
You feel sick.
Your magical effects are unravelling.
You feel magically purged.
You flicker back into view.
* * * LOW HITPOINT WARNING * * *
You feel sick.
You feel less attractive to monsters.
* * * LOW HITPOINT WARNING * * *
You feel sick.
* * * LOW HITPOINT WARNING * * *
You feel sick.
* * * LOW HITPOINT WARNING * * *
You feel sick.
You die...
Your body rises from the dead as a mindless zombie.

#####
#...#
#...#####
+...@....
#..9#####
#...#
#...#
#####


You could see a friendly guardian golem (summoned).

Vanquished Creatures
  A wraith (D:6)
  An ogre (D:5)
  A necrophage (D:5)
  2 wights (D:6)
  A killer bee (D:7)
  A howler monkey (D:6)
  3 hounds
  2 jellies
  2 iguanas (D:5)
  An orc wizard (D:5)
  A hound zombie (D:3)
  5 gnolls
  6 adders
  A worm (D:3)
  8 orcs
  6 ball pythons
  4 bats
  3 endoplasms
  2 goblins (D:3)
  6 hobgoblins
  5 jackals
  A frilled lizard (D:1)
  4 kobolds
  3 rats (D:1)
70 creatures vanquished.

Vanquished Creatures (collateral kills)
  A black bear (D:5)
  A nameless horror (D:3)
  A scorpion (D:6)
  A gnoll sergeant (D:6)
  2 wights (D:6)
  An orc priest (D:5)
  2 hounds
  2 orc wizards
  A hound skeleton (D:3)
  6 gnolls
  A white imp (D:5)
  An adder skeleton (D:3)
  An adder zombie (D:3)
  A worm (D:5)
  A dart slug (D:2)
  10 orcs
  3 ball pythons (D:1)
  4 bats
  An endoplasm (D:1)
  3 giant cockroaches
  8 hobgoblins
  6 jackals
  4 quokkas
  2 frilled lizards (D:1)
  2 kobolds
  A rat (D:1)
67 creatures vanquished.

Vanquished Creatures (others)
  A wight (D:6)
  A scorpion zombie (D:6)
  2 hound zombies (D:6)
  A howler monkey zombie (D:6)
  A gnoll zombie (D:6)
  2 orc zombies (D:6)
  A withered plant (D:3)
9 creatures vanquished.

Grand Total: 146 creatures vanquished

Notes
Turn   | Place    | Note
-------+----------+-------------------------------------------
     0 | D:1      | LnG the Kobold Summoner began the quest for the Orb.
     0 | D:1      | Reached XP level 1. HP: 10/10 MP: 3/3
     2 | D:1      | Noticed a merfolk
     2 | D:1      | Noticed a naga
     4 | D:1      | Noticed a minotaur
     4 | D:1      | Noticed an octopode
     6 | D:1      | Noticed a ghoul
     6 | D:1      | Noticed an elf
     8 | D:1      | Noticed a vampire
     8 | D:1      | Noticed a troll
    10 | D:1      | Noticed a demonspawn
    10 | D:1      | Noticed an ogre
    12 | D:1      | Noticed a vine stalker
    12 | D:1      | Noticed a spriggan
    14 | D:1      | Noticed a formicid
    14 | D:1      | Noticed a palentonga
    16 | D:1      | Noticed a tengu
    16 | D:1      | Noticed a felid
    18 | D:1      | Noticed a human
    18 | D:1      | Noticed a gargoyle
    20 | D:1      | Noticed a draconian
    22 | D:1      | Noticed a demigod
    24 | D:1      | Noticed an ogre
    26 | D:1      | Noticed a vine stalker
    26 | D:1      | Noticed an octopode
   115 | D:1      | Reached XP level 2. HP: 15/15 MP: 1/5
   118 | D:1      | Learned a level 2 spell: Call Imp
   604 | D:1      | Reached skill level 3 in Stealth
   795 | D:1      | Reached XP level 3. HP: 16/19 MP: 1/6
  1503 | D:2      | Reached XP level 4. HP: 24/24 MP: 7/7
  1712 | D:2      | Learned a level 3 spell: Call Canine Familiar
  1935 | D:2      | Found Ynytekudd's Assorted Antiques.
  2529 | D:3      | Reached skill level 4 in Stealth
  2663 | D:3      | Reached XP level 5. HP: 23/28 MP: 7/9
  2675 | D:3      | Reached skill level 1 in Short Blades
  2901 | D:3      | Learned a level 3 spell: Summon Guardian Golem
  3053 | D:3      | Noticed a nameless horror
  3512 | D:3      | Killed a nameless horror
  3791 | D:3      | Found a faded altar of an unknown god.
  3927 | D:3      | Reached skill level 5 in Summonings
  3927 | D:3      | Reached XP level 6. HP: 33/33 MP: 10/10
  3928 | D:3      | Reached skill level 1 in Fighting
  4136 | D:3      | Found an iron altar of Okawaru.
  5222 | D:4      | Reached skill level 5 in Stealth
  5397 | D:5      | Entered Level 5 of the Dungeon
  5793 | D:5      | HP: 1/34 [orc priest/divine providence (12)]
  6074 | D:5      | Noticed a black bear
  6082 | D:5      | Killed a black bear
  6083 | D:5      | Reached skill level 6 in Stealth
  6083 | D:5      | Reached XP level 7. HP: 25/38 MP: 5/12
  6083 | D:5      | Identified the +1 cloak "Piuh" {rC+ Will+}
  6403 | D:5      | Reached skill level 7 in Stealth
  6602 | D:5      | Found a staircase to the Ecumenical Temple.
  6611 | Temple   | Entered the Ecumenical Temple
  6941 | Temple   | Became a worshipper of Yredelemnul the Dark
  7120 | D:5      | Reached * piety under Yredelemnul
  7120 | D:5      | Reached XP level 8. HP: 12/43 MP: 8/13
  7704 | D:6      | Noticed a wraith
  7717 | D:6      | Killed a wraith
  8112 | D:6      | Gained mutation: You are agile. (Dex +4, Str/Int -1)
                  | [potion of mutation]
  8112 | D:6      | Gained mutation: You passively dampen the noise of your
                  | surroundings. [potion of mutation]
  8112 | D:6      | Lost mutation: You passively dampen the noise of your
                  | surroundings. [potion of mutation]
  8112 | D:6      | Gained mutation: You are strong-willed. (Will+) [potion of
                  | mutation]
  8271 | D:6      | Reached skill level 8 in Stealth
  8441 | D:6      | Reached skill level 5 in Spellcasting
  8696 | D:6      | Found a shadowy altar of Dithmenos.
  8696 | D:6      | Found a glowing silver altar of Zin.
  8793 | D:6      | Learned a level 4 spell: Summon Lightning Spire
  9246 | D:6      | Found a shimmering altar of Xom.
  9246 | D:6      | Found a shimmering altar of Xom.
  9247 | D:6      | Found a shimmering altar of Xom.
  9471 | D:6      | Found an ancient bone altar of Kikubaaqudgha.
  9473 | D:6      | Found a radiant altar of Vehumet.
  9473 | D:6      | Found an ornate altar of the Wu Jian Council.
  9473 | D:6      | Found an opulent altar of Gozag.
  9557 | D:6      | Reached XP level 9. HP: 37/48 MP: 5/17
  9877 | D:7      | HP: 2/48 [poisoned by a killer bee]
  9879 | D:7      | Succumbed to a killer bee's poison

Illustrated notes

Levels and vault maps discovered:
D:1:      kb_arrival_jail, layout_basic
D:2:      layout_basic, serial_shops, nicolae_shop_hallway_stairs
D:3:      layout_loops_cross, lemuel_tele_altar,
          chequers_ecumenical_altar_grove, serial_undead, serial_undead_d,
          serial_undead_e, serial_undead_d, serial_undead_e,
          hangedman_decor_peaks_small, columned_hall_lemuel
D:4:      layout_loops_ring, st_stairs_13
D:5:      cheibrodos_iron_armory, layout_basic,
          minmay_temple_entry_drinking_statues
D:6:      layout_gridville, xom_redecorated, minitemple,
          gammafunk_temple_overflow_statue
D:7:      layout_basic, gammafunk_ghost_smash, minmay_misc_feat_alley,
          roderic_roman_lattice, minivault_22
Temple:   compressed_dpeg_triangle_lava_temple

Skill      XL: |  1  2  3  4  5  6  7  8 |
---------------+-------------------------+-----
Stealth        | 3 4 6 7 8 |  8.6
Short Blades   | 2 3 |  3.4
Dodging        | 3 4 |  4.5
Spellcasting   | 3 5 |  5.8
Summonings     | 5 6 |  6.7
Fighting       | 1 |  1.6
Unarmed Combat | |  0.8
Air Magic      | |  0.1

Action                   |  1- 3 |  4- 6 |  7- 9 || total
-------------------------+-------+-------+-------++-------
Melee: Unarmed           |    65 |       |       ||    65
       Dagger            |     9 |   163 |    80 ||   252
       Punch             |       |     1 |     1 ||     2
 Cast: Summon Small Mamm |    26 |     1 |       ||    27
       Call Imp          |     2 |    12 |    11 ||    25
       Call Canine Famil |       |    13 |    16 ||    29
       Summon Guardian G |       |       |     4 ||     4
       Summon Lightning  |       |       |     3 ||     3
Evoke: Wand              |       |       |     2 ||     2
  Use: Scroll            |     2 |    10 |     6 ||    18
       Potion            |       |     1 |     5 ||     6
 Stab: Sleeping          |    11 |    24 |    13 ||    48
       Distracted        |     2 |     2 |     2 ||     6
Armor: Robe              |     9 |    29 |    12 ||    50
Dodge: Dodged            |    68 |   134 |    75 ||   277

Table legend: (Time is in decaauts)
 A = Elapsed time spent in this place.
 B = Non-inter-level travel time spent in this place.
 C = Inter-level travel time spent in this place.
 D = Time resting spent in this place.
 E = Time spent auto-exploring this place.
 F = Levels seen in this place.
 G = Mean time per level.
                   A        B        C        D        E       F      G
               +--------+--------+--------+--------+--------+-----+--------+
         Total |   9852 |   9525 |    327 |   3160 |   4058 |   8 | 1231.5 |
       Dungeon |   9498 |   9222 |    276 |   3160 |   3770 |   7 | 1356.9 |
        Temple |    354 |    303 |     51 |      0 |    288 |   1 |  354.0 |
               +--------+--------+--------+--------+--------+-----+--------+

Top non-repeatable levels by time:
     D:6: 2303 daAuts
     D:3: 1883 daAuts
     D:5: 1734 daAuts
     D:1: 1407 daAuts
     D:2: 1156 daAuts
     D:4: 939 daAuts
  Temple: 354 daAuts
     D:7: 73 daAuts
